AoeStats
← HR Pinkman

Arabia

510219990Analyzed
1v1 RM · 14h ago on Sep 30, 2026· 30m 55s· 2 players
Game mode
Random Map
Map size
Tiny (2 player)
Population
200
Speed
Normal
Resources
Standard
Victory
Conquest
Starting age
Dark Age
Ending age
Imperial Age
RankedLock teamsTeams togetherTeam positionsShared explorationLock speedFull tech treeHidden civsTurbo modeCheats
Victory
Defeat
🇨🇱 Mongols · Chile
2178
+20
🇦🇷 Inca · Argentina
2263
-20
HR Pinkman
6:08 Loom
8:33 Feudal Age
9:17 Double-Bit Axe
19:10 Castle Age
19:04 Fletching
19:36 Horse Collar
21:14 Husbandry
22:03 Bodkin Arrow
25:36 Ballistics
27:43 Padded Archer Armor
31:11 Bloodlines
the best BO's
8:38 Loom
11:16 Feudal Age
11:18 Champi Runner
13:54 Double-Bit Axe
16:25 Scale Mail Armor
16:15 Arson
23:15 Castle Age
21:53 Horse Collar
22:03 Gold Mining
23:19 Champi Warrior
24:01 Squires
25:44 Chain Mail Armor
26:39 Forging
Connection lost

Rejoining the realm…

Still unreachable

The connection could not be restored.

Session expired

The server has moved on; the page needs a fresh start.